 Dungeon Crawl Stone Soup version 0.20-a0-59-g66a9409 (webtiles) character file.

92 Faca the Covered (level 4, 0/40 HPs)
             Began as a Minotaur Fighter on Nov 16, 2016.
             Slain by an orc wizard
             ... wielding a +0 dagger
              (2 damage)
             ... on level 2 of the Dungeon.
             The game lasted 00:09:30 (1422 turns).

Faca the Covered (Minotaur Fighter)                 Turns: 1422, Time: 00:09:31

Health: 0/40       AC:  7    Str: 21    XL:     4   Next: 35%
Magic:  3/3        EV:  8    Int:  5    God:
Gold:   126        SH: 10    Dex: 10    Spells: 0 memorised, 3 levels left

rFire  . . .     SeeInvis .     a - +1 war axe
rCold  . . .     Gourm    .     b - +0 scale mail
rNeg   . . .     Faith    .     c - +1 shield
rPois  .         Spirit   .     (helmet restricted)
rElec  .         Reflect  .     (no cloak)
rCorr  .         Harm     .     (no gloves)
MR     .....                    (no boots)
Stlth  ..........               l - amulet of inaccuracy (curse)
                                (no ring)
                                (no ring)

@: no status effects
A: retaliatory headbutt, horns 2
a: no special abilities


You were on level 2 of the Dungeon.
You were not hungry.

You visited 1 branch of the dungeon, and saw 3 of its levels.

You collected 126 gold pieces.

Inventory:

Hand Weapons
 a - a +1 war axe (weapon)
Armour
 b - a +0 scale mail (worn)
 c - a +1 shield (worn)
Jewellery
 l - a cursed amulet of inaccuracy (around neck)
Scrolls
 e - a scroll of teleportation
 k - 4 scrolls of identify
Potions
 d - a potion of might
 g - a potion of flight
 h - 2 potions of curing {unknown}
 m - a potion of heal wounds {unknown}
Comestibles
 f - 3 bread rations
 i - a slice of pizza
 j - 4 fruits


   Skills:
 + Level 4.0 Fighting
 + Level 3.5 Axes
 + Level 4.6 Armour
 + Level 1.0 Dodging
 + Level 0.1 Stealth
 + Level 4.2 Shields


You had 3 spell levels left.
You didn't know any spells.

Dungeon Overview and Level Annotations

Branches:
Dungeon (3/15)

Altars:
Makhleb
The Shining One


Innate Abilities, Weirdness & Mutations

You reflexively headbutt those who attack you in melee.
You have a pair of horns on your head.


Message History

Something hits you but does no damage.
You slash the orc!
You kill the orc!
You miss something. Something hits you but does no damage.
You barely miss something. Your headbutt misses something. Something hits you.
* * * LOW HITPOINT WARNING * * *
Something hits you.
* * * LOW HITPOINT WARNING * * *
You closely miss something. Something hits you but does no damage.
Your shield and scale mail prevent you from hitting something.
You block something's attack.
Your shield and scale mail prevent you from hitting something.
You headbutt something. You block something's attack. x2
You miss something. Something hits you but does no damage.
You closely miss something. You headbutt something.
An orc wizard appears from thin air!
Reactivating autopickup.
The orc wizard gestures wildly while chanting.
The orc wizard seems to speed up.
The orc wizard hits you with a dagger.
You die...

#........#
#.#...##.#
#.##.###.#
#.##.# #.#
####
#.##.# #.#
#...
#.##.###.#
#.##
#.##..##.#
#.#
#o###.##.#
#.#
#@#...##.#
#.#
#[#.####.#
#.##
#.#.## #.#
#...
#....###.#
####
#........#
##...#####
##.## #.#
#.#


You could see an orc wizard.

Vanquished Creatures
  A hound (D:2)
  An adder (D:2)
  2 dart slugs
  2 leopard geckos
  5 orcs
  A ball python (D:1)
  4 goblins
  4 hobgoblins
  2 quokkas (D:2)
  6 bats
  6 kobolds
  7 rats
41 creatures vanquished.

Notes
Turn   | Place    | Note
-------+----------+-------------------------------------------
     0 | D:1      | Faca the Minotaur Fighter began the quest for the Orb.
     0 | D:1      | Reached XP level 1. HP: 19/19 MP: 0/0
   184 | D:1      | Reached XP level 2. HP: 27/27 MP: 1/1
   401 | D:1      | Found a glowing golden altar of the Shining One.
   881 | D:2      | Reached XP level 3. HP: 22/33 MP: 2/2
  1138 | D:2      | Found a burning altar of Makhleb.
  1150 | D:2      | Reached XP level 4. HP: 26/40 MP: 3/3
  1252 | D:2      | Reached skill level 1 in Dodging
  1417 | D:2      | HP: 1/40 [something (2)]
  1422 | D:2      | Slain by an orc wizard

Vault maps used:
D:1:      minmay_arrival_radiant_lines, minivault_5, tso_metal_star
D:2:      makhleb_heckhound_becter
D:3:      first_bread, tgw_fedhas

Skill      XL: |  1  2  3  4 |
---------------+-------------+-----
Armour         | 4 |  4.6
Axes           | 3 |  3.5
Fighting       | 4 |  4.0
Shields        | 4 |  4.2
Dodging        | 1 |  1.0
Stealth        | |  0.1

Action                   |  1- 3 |  4- 6 || total
-------------------------+-------+-------++-------
Melee: War axe           |   109 |    34 ||   143
       Headbutt          |    11 |     3 ||    14
  Use: Scroll            |    11 |       ||    11
  Eat: Beef jerky        |     1 |       ||     1
Armor: Scale mail        |    46 |    19 ||    65
Dodge: Dodged            |    34 |    13 ||    47
Block: Shield            |    58 |    24 ||    82
